 Dungeon Crawl Stone Soup version 0.22-a0-614-g34fbaa0 (console) character file.

4 vegansnacktivist the Scratcher (level 1, 0/9 HPs)
             Began as a Felid Transmuter on July 20, 2018.
             Slain by a hobgoblin (3 damage)
             ... on level 1 of the Dungeon.
             The game lasted 00:00:36 (156 turns).

vegansnacktivist the Scratcher (Felid Transmuter)    Turns: 156, Time: 00:00:36

Health: 0/9        AC:  1    Str:  6    XL:     1   Next: 58%
Magic:  4/4        EV: 18    Int: 14    God:
Gold:   37         SH:  0    Dex: 16    Spells: 3/4 levels left
                                        Lives:  0   Deaths: 0

rFire    . . .     SeeInvis +     - Unarmed
rCold    . . .     Gourm    .   (shield unavailable)
rNeg     . . .     Faith    .   (armour unavailable)
rPois    .         Spirit   .   (helmet unavailable)
rElec    .         Reflect  .   (cloak unavailable)
rCorr    .         Harm     .   (gloves unavailable)
MR       .....                  (boots unavailable)
Stlth    ++........             (no amulet)
HPRegen  0.03/turn              (no ring)
MPRegen  0.09/turn              (no ring)

@: quick
A: very small, no armour, no weapons or thrown items, stealth, claws 1, fangs 3,
see invisible, carnivore, speed 1, shaggy fur 1, slow metabolism 1, sharp paws
a: no special abilities


You were on level 1 of the Dungeon.
You were not hungry.

You visited 1 branch of the dungeon, and saw 2 of its levels.

You collected 37 gold pieces.

Inventory:

Missiles
 a - 12 arrows
Scrolls
 b - a scroll of remove curse {unknown}
 d - a scroll of teleportation {unknown}
 e - a scroll of noise {unknown}
Comestibles
 c - a ration


   Skills:
 * Level 1.7 Fighting
 - Level 2.6 Dodging
 - Level 3.0 Unarmed Combat
 - Level 2.0 Spellcasting
 - Level 2.1 Transmutations


You had 3 spell levels left.
You knew the following spells:

 Your Spells              Type           Power        Failure   Level  Hunger
a - Beastly Appendage     Tmut           #.....       10%         1    ##.....

Your spell library contained the following spells:

 Spells                   Type           Power        Failure   Level  Hunger
 Spider Form              Tmut/Pois      #.........   41%         3    ####...
 Blade Hands              Tmut           #.........   95%         5    ######.
 Ice Form                 Ice/Tmut       #.......     83%         4    #####..
 Sticks to Snakes         Tmut           #.......     14%         2    ###....


Dungeon Overview and Level Annotations

Branches:
Dungeon (2/15)

Altars:

Annotations:
D:2 Natasha


Innate Abilities, Weirdness & Mutations

You cannot wear armour.
You are incapable of wielding weapons or throwing items.
Your paws allow you to move quietly. (Stealth)
You have sharp claws.
You have razor-sharp teeth.
You have supernaturally acute eyesight. (SInv)
You are carnivorous and can eat meat at any time.
You cover ground quickly.
You are covered in fur. (AC +1)
You have a slow metabolism.
Your sharp claws are effective at attacking unaware monsters.


Message History

You climb upwards.
There is a stone staircase leading down here.
Unknown command.
You see here 11 gold pieces.
You now have 37 gold pieces (gained 11).
You see here a scroll labeled KIFOH DEHOLY.
e - a scroll labeled KIFOH DEHOLY A hobgoblin comes into view.
It is wielding a club.
A hobgoblin comes into view.
Found a scroll labeled GAISHA XOCW.
Found a robe.
A rat comes into view.
The hobgoblin shouts!
Found a purple potion.
You closely miss the rat. Your bite misses the rat. The rat closely misses you.
You scratch the rat.
You kill the rat!
The hobgoblin closely misses you. The hobgoblin hits you.
You die...

#....
.####################...
.!...............K......
.......?.....######.....
.............# #.....
.............# #..K..
.....[....K.## #.....
........g...# #.....
.......@....# #.....
############# ## #..)..
##.#.#.#.## #.....
#.#.#.#.#.# #.....
##.#.#.#.####.....
#.#.#.#.#..##.....
##.≈≈≈≈≈.#KS......
#.#≈...≈#.####...†
##.≈..<≈.## #....


You could see a hobgoblin and a kobold.

Vanquished Creatures
  2 bats (D:1)
  A goblin (D:1)
  2 rats (D:1)
5 creatures vanquished.

Notes
Turn   | Place    | Note
-------+----------+-------------------------------------------
     0 | D:1      | vegansnacktivist the Felid Transmuter began the quest for the Orb.
     0 | D:1      | Reached XP level 1. HP: 9/9 MP: 4/4
   116 | D:2      | Noticed Natasha
   156 | D:1      | Slain by a hobgoblin

Vault maps used:
D:1:      ncdulo_watergridlock
D:2:      st_stairs_14, minmay_domino_4, uniq_sigmund, uniq_natasha

Action                   || total
-------------------------++-------
Melee: Unarmed           ||    10
Armor: Skin              ||     1
Dodge: Dodged            ||    13

Table legend:
 A = Spawn XP
 B = Non-spawn XP
 C = Spawn XP percentage of total XP
 D = Spawn monster count
 E = Non-spawn monster count
 F = Spawn count percentage of total count
 G = Total turns spent on level
                    A         B        C        D         E        F      G
               +---------+---------+-------+---------+---------+-------+---------
         Total |       0 |       7 |   0.0 |       0 |       5 |   0.0 |   156
               +---------+---------+-------+---------+---------+-------+---------
           D:1 |       0 |       7 |   0.0 |       0 |       5 |   0.0 |   154
               +---------+---------+-------+---------+---------+-------+---------
